 Dungeon Crawl Stone Soup version 0.27-a0-1186-g8b4daa1eef (webtiles) character file.

Game seed: 17750391512449364775

117770 HoaS the Markstengu (level 16, 0/101 HPs)
             Began as a Tengu Gladiator on May 19, 2021.
             Was the Champion of Okawaru.
             Slain by a cyan ugly thing (12 damage)
             ... on level 15 of the Dungeon.
             The game lasted 01:25:18 (24342 turns).

HoaS the Markstengu (Tengu Gladiator)              Turns: 24342, Time: 01:25:19

Health: 0/101      AC: 25    Str: 19    XL:     16   Next: 75%
Magic:  24/24      EV: 18    Int: 10    God:    Okawaru [******]
Gold:   5363       SH:  0    Dex: 17    Spells: 15/15 levels left

rFire    + . .     SeeInvis .   w - +0 quarterstaff (elec)
rCold    + . .     Faith    .   (shield currently unavailable)
rNeg     + . .     Spirit   .   b - +6 chain mail
rPois    +         Reflect  .   c - +2 hat
rElec    .         Harm     .   L - +1 cloak {Will+}
rCorr    .         Rampage  +   E - +2 pair of gloves
Will     ++...                  (boots unavailable)
Stlth    ..........             s - amulet "Digof" {Rampage rPois rF+ rN+ Regen+ Stlth-}
HPRegen  1.26/turn              A - +4 ring of evasion
MPRegen  0.19/turn              x - ring of protection from cold

@: spiked, flying quickly and evasively, quick
A: beak, talons 3, nimble flight
a: Renounce Religion, Heroism, Finesse


You were on level 15 of the Dungeon.
You worshipped Okawaru.
Okawaru was exalted by your worship.
You visited 4 branches of the dungeon, and saw 24 of its levels.
You also visited: Volcano.

You collected 5598 gold pieces.
You spent 235 gold pieces at shops.

Inventory:

Hand Weapons
 q - a +2 longbow of flaming
 w - a +0 quarterstaff of electrocution (weapon)
Missiles
 d - a throwing net (quivered)
 j - 584 arrows
Armour
 b - a +6 chain mail (worn)
 c - a +2 hat (worn)
 E - a +2 pair of gloves (worn)
 L - a +1 cloak of willpower (worn)
Jewellery
 a - a ring of protection from fire
 h - a ring of positive energy
 s - the amulet "Digof" (around neck) {Rampage rPois rF+ rN+ Regen+ Stlth-}
   (You found it on level 3 of the Dungeon)

   [amulet of regeneration]

   It protects you from fire.
   It protects you from poison.
   It protects you from negative energy.
   It increases your rate of health regeneration.
   It bestows one free step when moving towards enemies.
   It makes you less stealthy.
 v - a ring of protection from fire
 x - a ring of protection from cold (right hand)
 y - a ring of positive energy
 A - a +4 ring of evasion (left hand)
 J - an amulet of the acrobat
 M - a ring of willpower
Wands
 m - a wand of polymorph (26)
 n - a wand of paralysis (6)
 p - a wand of flame (36)
 r - a wand of iceblast (12)
 u - a wand of acid (28)
 D - a wand of mindburst (9)
Scrolls
 f - 10 scrolls of identify
 i - 13 scrolls of teleportation
 t - 3 scrolls of fog
 z - 5 scrolls of blinking
 C - 3 scrolls of fear
 H - a scroll of brand weapon
 I - a scroll of holy word
 K - a scroll of magic mapping
Potions
 e - 6 potions of might
 g - 4 potions of mutation
 k - 2 potions of heal wounds
 l - 5 potions of curing
 o - 3 potions of berserk rage
 B - a potion of cancellation
 F - 4 potions of ambrosia
 G - a potion of haste


   Skills:
 - Level 11.9 Fighting
 - Level 14.0 Staves
 * Level 18.9 Bows
 - Level 2.0 Throwing
 - Level 9.2 Armour
 - Level 9.9 Dodging
 - Level 9.5 Invocations


You had 15 spell levels left.
You didn't know any spells.
Your spell library contained the following spells:

 Spells                   Type           Power      Damage    Failure   Level
 Animate Skeleton         Necr           0%         N/A       97%         1
 Apportation              Tloc           0%         N/A       97%         1
 Foxfire                  Conj/Fire      0%         2x1d4     97%         1
 Pain                     Necr           0%         1d4       97%         1
 Conjure Flame            Conj/Fire      0%         6-21      100%        3
 Inner Flame              Hex/Fire       0%         N/A       100%        3
 Lesser Beckoning         Tloc           0%         N/A       100%        3
 Tukima's Dance           Hex            0%         N/A       100%        3
 Vampiric Draining        Necr           0%         2d6       100%        3
 Animate Dead             Necr           0%         N/A       100%        4
 Sticky Flame             Conj/Fire      0%         2d3       100%        4
 Agony                    Necr           0%         N/A       100%        5
 Alistair's Intoxication  Tmut/Pois      0%         N/A       100%        5
 Fireball                 Conj/Fire      0%         3d3       100%        5
 Invisibility             Hex            0%         N/A       100%        6


Dungeon Overview and Level Annotations

Branches:
Dungeon (15/15)            Temple (1/1) D:4            Lair (6/6) D:10
 Shoals (0/4) Lair:2        Snake (0/4) Lair:3        Slime (0/5) Lair:5
    Orc (2/2) D:11            Elf (0/3) Orc:2        Vaults (0/5) D:13
 Depths (0/5) D:15        Volcano (visited)

Altars:
Ashenzari
Cheibriados
Dithmenos
Elyvilon
Fedhas
Gozag
Hepliaklqana
Kikubaaqudgha
Makhleb
Nemelex Xobeh
Okawaru
Qazlal
Ru
Sif Muna
Trog
Uskayaw
Vehumet
Wu Jian
Xom
Yredelemnul
Zin
The Shining One
Beogh
Jiyva

Shops:
D:12 ?   Orc:1 :   Orc:2 (*=[

Annotations:
Lair:3 3 runed translucent doors, PeterLawrence's ghost, journeyman MiFi


Innate Abilities, Weirdness & Mutations

You have a beak for a mouth.
You have claws for feet.
Your magical nature lets you fly swiftly and evasively.


Message History

The cyan ugly thing is heavily wounded.
You closely miss the cyan ugly thing.
You claw the cyan ugly thing, but do no damage.
The cyan ugly thing is heavily wounded.
The manticore flicks its tail.
The volley of spikes hits you but does no damage.
The cyan ugly thing barely misses you.
You hit the cyan ugly thing.
You claw the cyan ugly thing, but do no damage.
You peck the cyan ugly thing.
The cyan ugly thing is severely wounded.
The manticore flicks its tail.
The volley of spikes misses you. The cyan ugly thing misses you.
You hit the cyan ugly thing.
You claw the cyan ugly thing, but do no damage.
The cyan ugly thing is severely wounded.
You hit the cyan ugly thing but do no damage.
You claw the cyan ugly thing, but do no damage.
You peck the cyan ugly thing.
The cyan ugly thing is severely wounded.
The cyan ugly thing stings you! The cyan ugly thing shocks you!
* * * LOW HITPOINT WARNING * * *
The manticore flicks its tail.
The volley of spikes misses you.
You sock the cyan ugly thing! Your kick misses the cyan ugly thing.
Your peck misses the cyan ugly thing.
The cyan ugly thing is almost dead.
You hit the cyan ugly thing but do no damage.
You peck the cyan ugly thing, but do no damage.
The cyan ugly thing is almost dead.
The manticore flicks its tail.
The volley of spikes hits you but does no damage.
The cyan ugly thing barely misses you.
You completely miss the cyan ugly thing.
You claw the cyan ugly thing.
The cyan ugly thing is almost dead.
The cyan ugly thing stings you!
* * * LOW HITPOINT WARNING * * *
The cyan ugly thing shocks you!
You die...

.#........#..........####....###.
.....................##.......#..
..............##.....#......#...#
...#.............................
....#.#..........#...............
.................#..............#
...............#................#
.##.......########...............
.#........#(.#.≈@u.≈............#
..........#(((H..#........)....##
######....####.####.#..........#
.....'.....# #? #..##....##..###
.#####....## #. #.≈#.....#.###.#
.....#...## #. ...#.........#..
####.#...# ># ##.##............
.....#.#.# # #. #............
########.#########. #.........###


You could see a cyan ugly thing and a manticore.

Vanquished Creatures
  An ironbound preserver (D:13)
  Snorg (Lair:4)
  2 dire elephants
  Josephine (D:11)
  A great orb of eyes (D:15)
  An ice dragon (Lair:3)
  2 boulder beetles (D:13)
  Harold (D:7)
  8 hydras
  A catoblepas (Lair:6)
  A death knight (D:15)
  5 centaur warriors
  18 death yaks
  6 two-headed ogres
  A tengu warrior (D:14)
  5 orc high priests (Orc:2)
  A deep troll shaman (Lair:6)
  A hell knight (Volcano)
  3 skeletal warriors (D:12)
  11 orc knights
  8 ugly things
  4 oklob plants (Lair:4)
  3 deep elf pyromancers
  A manticore (Lair:2)
  2 cyclopes
  25 elephants
  Maurice (Orc:1)
  A molten gargoyle (Volcano)
  A torpor snail (Lair:6)
  Joseph (D:7)
  3 gargoyles
  3 black mambas
  16 cane toads
  An ice statue (Lair:3)
  A smoke demon (Volcano)
  Maggie (Lair:1)
  2 unseen horrors
  2 kobold demonologists (D:12)
  9 komodo dragons
  2 tengu conjurers
  6 polar bears
  2 red devils (Volcano)
  3 meliai (D:13)
  A wind drake (Lair:2)
  13 blink frogs
  A merfolk (shapeshifter) (D:14)
  17 slime creatures
  7 trolls
  A blink frog (shapeshifter) (D:14)
  64 yaks
  A vampire (D:13)
  A water elemental (D:14)
  3 shadows
  9 wraiths
  8 wyverns
  7 basilisks
  2 fire bats (Volcano)
  A steam dragon (D:8)
  9 vampire mosquitoes
  6 wargs (Orc:1)
  2 nagas (Lair:3)
  2 hell hounds (Volcano)
  12 water moccasins
  31 orc warriors
  A swamp drake (D:10)
  A sky beast (D:7)
  4 ice beasts
  A black bear (Lair:6)
  11 centaurs
  2 necrophages
  A phantom (D:5)
  18 wolves
  4 ogres
  A kobold brigand (D:8)
  12 bullfrogs
  4 scorpions
  A wyvern zombie (D:6)
  9 killer bees
  4 howler monkeys
  10 wights
  9 lava snakes (Volcano)
  4 centaur zombies
  6 hounds
  A jelly (D:4)
  38 orc priests
  A bullfrog skeleton (D:6)
  2 gnoll shamans
  A centaur skeleton (D:4)
  17 orc wizards
  A scorpion zombie (D:5)
  Terence (D:3)
  5 hell rats (Lair:6)
  4 iguanas
  Natasha (twice) (D:3)
  A killer bee zombie (D:5)
  2 howler monkey zombies
  9 gnolls
  6 adders
  3 shadow imps
  2 white imps
  2 ufetubi
  An adder skeleton (D:4)
  3 dart slugs
  60 orcs
  8 endoplasms
  4 giant cockroaches
  11 hobgoblins
  9 jackals
  2 quokkas
  11 ball pythons
  8 bats
  6 frilled lizards
  6 goblins
  15 kobolds
  14 rats
726 creatures vanquished.

Vanquished Creatures (others)
  2 yaks (D:10)
  8 fungi
  23 plants
33 creatures vanquished.

Grand Total: 759 creatures vanquished

Notes
Turn   | Place    | Note
-------+----------+-------------------------------------------
     0 | D:1      | HoaS the Tengu Gladiator began the quest for the Orb.
     0 | D:1      | Reached XP level 1. HP: 12/12 MP: 2/2
   372 | D:1      | Reached XP level 2. HP: 17/17 MP: 3/3
   774 | D:1      | Reached XP level 3. HP: 21/21 MP: 4/4
  1334 | D:2      | Reached skill level 5 in Staves
  1506 | D:2      | Found a faded altar of an unknown god.
  1657 | D:2      | Reached XP level 4. HP: 26/26 MP: 5/5
  3041 | D:3      | Identified the amulet "Digof" {Rampage rPois rF+ rN+ Regen+
                  | Stlth-}
  3101 | D:3      | Gained mutation: Your magical nature lets you fly swiftly
                  | and evasively. [Tengu growth]
  3101 | D:3      | Reached XP level 5. HP: 30/30 MP: 6/6
  3438 | D:3      | Noticed Terence
  3443 | D:3      | Killed Terence
  3526 | D:3      | Noticed Natasha
  3537 | D:3      | Killed Natasha
  3745 | D:3      | Noticed Natasha
  3753 | D:3      | Killed Natasha
  3772 | D:4      | Reached XP level 6. HP: 35/35 MP: 7/7
  3865 | D:4      | Found a sparkling altar of Nemelex Xobeh.
  3931 | D:4      | Found a staircase to the Ecumenical Temple.
  3946 | Temple   | Entered the Ecumenical Temple
  4511 | D:5      | Entered Level 5 of the Dungeon
  4609 | D:5      | Reached XP level 7. HP: 30/40 MP: 8/8
  4806 | D:5      | Reached skill level 10 in Staves
  4997 | D:5      | Reached XP level 8. HP: 44/44 MP: 9/9
  5070 | D:6      | Noticed a yak
  5070 | D:6      | Noticed a yak
  5077 | D:6      | Noticed a yak
  5085 | D:6      | Killed a yak
  5093 | D:6      | Killed a yak
  5102 | D:6      | Killed a yak
  5242 | D:6      | Reached XP level 9. HP: 32/48 MP: 10/10
  5932 | D:7      | Reached skill level 1 in Armour
  5944 | D:7      | Reached XP level 10. HP: 12/56 MP: 11/11
  5986 | D:7      | Noticed Joseph
  6007 | D:7      | Killed Joseph
  6051 | D:7      | Noticed Harold
  6090 | D:7      | Killed Harold
  6091 | D:7      | Reached skill level 5 in Fighting
  6121 | D:7      | Reached skill level 5 in Dodging
  6355 | D:7      | Found a stormy altar of Qazlal.
  6833 | D:8      | Noticed a cyclops
  6854 | D:8      | Killed a cyclops
  7346 | D:7      | Reached skill level 5 in Armour
  7359 | D:7      | Reached XP level 11. HP: 28/67 MP: 12/12
  7518 | D:8      | Noticed a deep elf pyromancer
  7527 | D:8      | Killed a deep elf pyromancer
  7957 | D:8      | Reached skill level 9 in Bows
  7957 | D:8      | Reached XP level 12. HP: 73/73 MP: 13/13
  8262 | D:9      | Found an iron altar of Okawaru.
  8280 | D:9      | Became a worshipper of Warmaster Okawaru
  8519 | D:9      | Found a sacrificial altar of Ru.
  8520 | D:9      | Found an ancient bone altar of Kikubaaqudgha.
  8535 | D:9      | Found a glowing golden altar of the Shining One.
  8577 | D:9      | Reached skill level 1 in Invocations
  8862 | D:10     | Entered Level 10 of the Dungeon
  8982 | D:10     | Reached * piety under Okawaru
  9104 | D:10     | Noticed a two-headed ogre
  9117 | D:10     | Killed a two-headed ogre
  9709 | D:10     | Reached ** piety under Okawaru
  9758 | D:10     | Found a staircase to the Lair.
  9864 | Lair:1   | Entered Level 1 of the Lair of Beasts
 10269 | Lair:1   | Identified a scroll of acquirement
 10269 | Lair:1   | Acquired 976 gold pieces
 10321 | Lair:1   | Noticed Maggie
 10334 | Lair:1   | Killed Maggie
 10560 | Lair:2   | Found a dark tunnel.
 10565 | Volcano  | Entered a volcano
 10816 | Volcano  | Found a bloodstained altar of Trog.
 10831 | Volcano  | Reached *** piety under Okawaru
 10853 | Volcano  | Noticed a hell knight
 10861 | Volcano  | Killed a hell knight
 10862 | Volcano  | Reached skill level 10 in Fighting
 10933 | Volcano  | Reached XP level 13. HP: 55/82 MP: 16/16
 11274 | Lair:2   | Reached **** piety under Okawaru
 11547 | Lair:2   | Found a staircase to the Shoals.
 11590 | Lair:2   | Received a gift from Okawaru
 11877 | Lair:2   | Identified the +3 leather armour "Wusoif" {Drain rCorr
                  | Int+5 Slay+2}
 12221 | Lair:3   | Found a staircase to the Snake Pit.
 12320 | Lair:3   | Found a runed translucent gate.
 12320 | Lair:3   | Found a runed translucent gate.
 12320 | Lair:3   | Found a runed translucent gate.
 12325 | Lair:3   | Identified the +5 hand axe of Uguig {vorpal, Fragile +Rage
                  | rElec Stlth-}
 12344 | Lair:3   | Reached ***** piety under Okawaru
 12385 | Lair:3   | Received a gift from Okawaru
 12517 | Lair:3   | Received a gift from Okawaru
 12648 | Lair:3   | Noticed PeterLawrence's ghost (journeyman MiFi)
 12649 | Lair:3   | Noticed a minotaur
 12892 | Lair:3   | Noticed an ice dragon
 12913 | Lair:3   | Killed an ice dragon
 12913 | Lair:3   | Received a gift from Okawaru
 12927 | Lair:3   | Reached skill level 10 in Bows
 13210 | Lair:3   | Identified the +0 ring mail of the Evil One {rC- Regen+
                  | Str-4 Slay+5}
 13444 | Lair:3   | Identified the +3 ring mail of the Sturgeon {Harm Will-
                  | Int+5 Stlth+}
 13537 | Lair:4   | Received a gift from Okawaru
 13655 | Lair:4   | Acquired 1040 gold pieces
 13688 | Lair:4   | Reached XP level 14. HP: 91/91 MP: 18/18
 13793 | Lair:4   | Noticed Snorg
 13809 | Lair:4   | Killed Snorg
 13810 | Lair:4   | Reached skill level 5 in Invocations
 13895 | Lair:4   | Reached skill level 11 in Bows
 14459 | Lair:4   | Received a gift from Okawaru
 14502 | Lair:4   | Reached skill level 12 in Bows
 14761 | Lair:5   | Found a staircase to the Slime Pits.
 14762 | Lair:5   | Found a viscous altar of Jiyva.
 14865 | Lair:5   | Reached ****** piety under Okawaru
 15638 | Lair:6   | Entered Level 6 of the Lair of Beasts
 15677 | Lair:5   | Received a gift from Okawaru
 15678 | Lair:5   | Reached skill level 13 in Bows
 15981 | Lair:6   | Found a bloodstained altar of Trog.
 16432 | Lair:6   | Received a gift from Okawaru
 16433 | Lair:6   | Reached XP level 15. HP: 87/96 MP: 21/21
 16493 | Lair:6   | Reached skill level 14 in Bows
 16513 | Lair:6   | Received a gift from Okawaru
 16817 | Lair:6   | Received a gift from Okawaru
 17071 | Lair:6   | Received a gift from Okawaru
 17139 | Lair:6   | Reached skill level 15 in Bows
 17184 | Lair:6   | Received a gift from Okawaru
 17818 | D:11     | Noticed Josephine
 17822 | D:11     | Killed Josephine
 18044 | D:11     | Found a stormy altar of Qazlal.
 18173 | D:11     | Received a gift from Okawaru
 18250 | D:11     | Found a staircase to the Orcish Mines.
 19179 | D:12     | Found Byjil's Magic Scroll Shoppe.
 19182 | D:12     | Bought a scroll of enchant armour for 82 gold pieces
 19182 | D:12     | Bought a scroll of blinking for 82 gold pieces
 19182 | D:12     | Bought a scroll of teleportation for 33 gold pieces
 19182 | D:12     | Bought a scroll of magic mapping for 38 gold pieces
 19378 | Orc:1    | Entered Level 1 of the Orcish Mines
 19490 | Orc:1    | Noticed Maurice
 19497 | Orc:1    | Killed Maurice
 19814 | Orc:1    | Reached skill level 16 in Bows
 19835 | Orc:1    | Found Casuu's Book Boutique.
 20034 | Orc:2    | Entered Level 2 of the Orcish Mines
 20374 | Orc:2    | Found a staircase to the Elven Halls.
 20818 | Orc:2    | Received a gift from Okawaru
 20957 | Orc:2    | Reached XP level 16. HP: 101/101 MP: 24/24
 21393 | Orc:2    | Reached skill level 17 in Bows
 21555 | Orc:2    | Found Gaomeum's Antique Armour Boutique.
 21558 | Orc:2    | Found Qoqy's Jewellery Shop.
 21561 | Orc:2    | Found Ugeer's General Store.
 21562 | Orc:2    | Found Nebou's Weapon Boutique.
 21771 | D:13     | Identified the +3 ring mail "Timoext" {rF- rN+++ Will-
                  | Str+5}
 22270 | D:13     | Found a gate to the Vaults.
 22527 | D:13     | Reached skill level 18 in Bows
 22859 | D:14     | Acquired 1069 gold pieces
 23118 | D:14     | Received a gift from Okawaru
 23640 | D:15     | Entered Level 15 of the Dungeon
 24319 | D:15     | Found a staircase to the Depths.
 24342 | D:15     | Slain by a cyan ugly thing

Illustrated notes

Levels and vault maps discovered:
D:1:      dpeg_arrival_tiny_h, layout_loops_ring
D:2:      minmay_thinvault, layout_basic, basic_ecumenical_altar
D:3:      layout_basic, minmay_checkerbox, uniq_terence, uniq_natasha
D:4:      layout_loops_cross, nemelex_spade_bored_becter,
          minmay_temple_entry_sparse_star
D:5:      layout_basic, kennysheep_nondescript
D:6:      layout_cave_pools, serial_bayou_pond_e
D:7:      layout_cave_pools, kennysheep_little_box, dk_vineyard_3,
          serial_bayou_pond_a, grunt_ministairs_13, uniq_harold, uniq_joseph
D:8:      layout_gridville
D:9:      layout_basic, okawaru_trees_1, grunt_temple_overflow_open,
          minmay_misc_feat_encased
D:10:     minmay_flawed_box, layout_loops_ring, erik_lair_dragon
D:11:     layout_stronghold, hiddenorc1_lemuel,
          nicolae_qazlal_scattered_showers, uniq_josephine
D:12:     layout_irregular_city, serial_shops, nicolae_shop_window_shopping
D:13:     layout_long_grid, skrybe_vaults_entry_preservation
D:14:     layout_roguey, kennysheep_pointless_box, nrook_pool_corridor
D:15:     hangedman_depths_entry_try_elsewhere_first, layout_cave_pools,
          roderic_serpentine_path, minmay_fractal_squares_gapless_5
Temple:   nicolae_temple_elliptical
Lair:1:   layout_layer_cave, infiniplex_staircase_pool_2, uniq_maggie
Lair:2:   layout_regular_city, minmay_shoals_entry_beasts,
          nicolae_volcano_entry_s_turn, grunt_megastairs_5
Lair:3:   layout_hall_layers, guppyfry_snake_entry_garden,
          maelrawn_ghost_gauntlet_escape, ice2_lemuel
Lair:4:   layout_cave_shapes, minmay_lair_oklob_chamber, lemuel_fruit_tree,
          grunt_megastairs_3, uniq_snorg
Lair:5:   layout_roguey, slime_altar_1, minmay_shattered_shrine
Lair:6:   grunt_lair_end_beastmaster, layout_cave_pods, basic_altar
Orc:1:    cheibrodos_orc_guarddog, layout_caves, basic_altar, serial_shops,
          shop, nicolae_orc_lava_room, uniq_maurice
Orc:2:    st_orc_pillars, layout_diamond_mine

Skill      XL: |  1  2  3  4  5  6  7  8  9 10 11 12 13 14 15 16 |
---------------+-------------------------------------------------+-----
Staves         | 4 5 6 7 8 10 12 14 | 14.0
Armour         | 2 5 7 9 |  9.2
Fighting       | 3 7 10 11 | 11.9
Dodging        | 4 6 8 9 |  9.9
Bows           | 9 10 13 16 18 | 18.9
Invocations    | 3 4 7 9 |  9.5
Throwing       | |  2.0

Action                   |  1- 3 |  4- 6 |  7- 9 | 10-12 | 13-15 | 16-18 || total
-------------------------+-------+-------+-------+-------+-------+-------++-------
Melee: Quarterstaff      |    85 |   167 |   244 |   627 |  1175 |   306 ||  2604
       Kick              |    19 |    37 |    88 |   244 |   497 |   132 ||  1017
       Peck              |     8 |    24 |    55 |   149 |   342 |   103 ||   681
       Longbow           |       |       |       |       |     1 |       ||     1
 Fire: Shortbow          |       |       |       |    21 |    90 |       ||   111
       Longbow           |       |       |       |       |   406 |   177 ||   583
Throw: Throwing net      |       |     1 |     2 |     5 |     1 |       ||     9
Invok: Heroism           |       |       |       |       |     5 |     4 ||     9
       Finesse           |       |       |       |       |     2 |     3 ||     5
Evoke: Wand              |       |       |       |     1 |     1 |       ||     2
  Use: Scroll            |     6 |     8 |     1 |    12 |     7 |     2 ||    36
       Potion            |       |       |     2 |     4 |     1 |       ||     7
 Stab: Sleeping          |     2 |     1 |       |       |       |       ||     3
       Held in net/web   |       |     1 |     2 |     2 |       |       ||     5
       Confused          |       |       |       |     2 |       |       ||     2
       Distracted        |       |       |       |     1 |       |       ||     1
Armor: Leather armour    |    18 |    28 |       |       |       |       ||    46
       Scale mail        |       |    20 |       |       |       |       ||    20
       Chain mail        |       |    19 |   130 |   184 |   326 |   115 ||   774
       Acid dragon scale |       |       |       |       |    10 |       ||    10
       Troll leather arm |       |       |       |       |    12 |     4 ||    16
Dodge: Dodged            |    48 |    98 |   103 |   226 |   747 |   200 ||  1422

Table legend: (Time is in decaauts)
 A = Elapsed time spent in this place.
 B = Non-inter-level travel time spent in this place.
 C = Inter-level travel time spent in this place.
 D = Time resting spent in this place.
 E = Time spent auto-exploring this place.
 F = Levels seen in this place.
 G = Mean time per level.
                   A        B        C        D        E       F      G
               +--------+--------+--------+--------+--------+-----+--------+
         Total |  21733 |  20370 |   1363 |   2276 |  13151 |  25 |  869.3 |
       Dungeon |  13029 |  12109 |    920 |   1519 |   8068 |  15 |  868.6 |
        Temple |    153 |    127 |     26 |      0 |    124 |   1 |  153.0 |
          Lair |   6026 |   5732 |    294 |    564 |   3606 |   6 | 1004.3 |
  Orcish Mines |   1969 |   1848 |    121 |     84 |   1098 |   2 |  984.5 |
       Volcano |    554 |    554 |      0 |    107 |    253 |   1 |  554.0 |
               +--------+--------+--------+--------+--------+-----+--------+

Top non-repeatable levels by time:
     D:2: 1374 daAuts
     D:3: 1368 daAuts
  Lair:6: 1357 daAuts
   Orc:2: 1216 daAuts
  Lair:3: 1187 daAuts
  Lair:5: 1067 daAuts
     D:1: 1057 daAuts
     D:7: 998 daAuts
    D:11: 975 daAuts
     D:8: 969 daAuts
    D:13: 941 daAuts
  Lair:2: 901 daAuts
    D:10: 899 daAuts
  Lair:4: 872 daAuts
    D:12: 816 daAuts
